 Dungeon Crawl Stone Soup version 0.20-b1-2-gc5a9893 (webtiles) character file.

132601 theElss the Bludgeoner (level 16, -1/152 HPs)
             Began as a Minotaur Berserker on May 22, 2017.
             Was the Champion of Trog.
             Killed by Shatter
             ... invoked by Jorgrun
              (73 damage)
             ... on level 2 of the Shoals.
             The game lasted 01:34:17 (29764 turns).

theElss the Bludgeoner (Minotaur Berserker)        Turns: 29764, Time: 01:34:18

Health: -1/152     AC: 24    Str: 26    XL:     16   Next: 57%
Magic:  16/16      EV:  2    Int:  6    God:    Trog [******]
Gold:   2901       SH:  0    Dex: 18    Spells: 15/15 levels left

rFire    + . .     SeeInvis +   A - +10 mace "Azohalan" {chaos, rElec rF+}
rCold    + + .     Gourm    +   X - +0 shield
rNeg     + + +     Faith    .   S - +1 chain mail of Sloth {rC+ SInv}
rPois    ∞         Spirit   .   (helmet restricted)
rElec    +         Reflect  .   P - +0 cloak
rCorr    +         Harm     .   T - +2 pair of gloves {Dex+3}
MR       +....                  d - +2 pair of boots
Stlth    ..........             C - amulet of the gourmand
Regen    0.4/turn               R - ring of Yredelemnul's Hope {rCorr rC+}
MPRegen  0.2/turn               m - +4 ring of dexterity

@: lethally poisoned (-1 -> -1), petrified, engulfed
A: retaliatory headbutt, horns 2
a: Berserk, Trog's Hand, Brothers in Arms, Burn Spellbooks, Renounce Religion


You were on level 2 of the Shoals.
You worshipped Trog.
Trog was exalted by your worship.
You were completely stuffed.

You visited 4 branches of the dungeon, and saw 25 of its levels.

You collected 3011 gold pieces.
You spent 110 gold pieces at shops.

Inventory:

Hand Weapons
 A - the +10 mace "Azohalan" (weapon) {chaos, rElec rF+}
   (You found it on level 4 of the Lair of Beasts)

   Each time it hits an enemy it has a different, random effect.
   It protects you from fire.
   It insulates you from electricity.
 M - a +3 mace of protection
Armour
 d - a +2 pair of boots (worn)
 P - a +0 cloak (worn)
 S - the +1 chain mail of Sloth (worn) {rC+ SInv}
   (You found it on level 9 of the Dungeon)

   It protects you from cold.
   It lets you see invisible.
 T - a +2 pair of gloves of dexterity (worn)
 X - a +0 shield (worn)
Jewellery
 h - a +5 ring of intelligence
 l - an uncursed ring of flight
 m - a +4 ring of dexterity (right hand)
 C - an amulet of the gourmand (around neck)
 N - an uncursed ring of positive energy
 R - the ring of Yredelemnul's Hope (left hand) {rCorr rC+}
   (You found it on level 9 of the Dungeon)

   [ring of resist corrosion]

   It protects you from cold.
Wands
 a - a wand of random effects (26/48)
 p - a wand of enslavement (15/24)
 q - a wand of flame (31/48)
 r - a wand of iceblast (10/15)
 w - a wand of acid (7/15)
 x - a wand of confusion (19/48)
 Z - a wand of lightning (5/15)
Scrolls
 e - 4 scrolls of fog
 g - a scroll of blinking
 i - 6 scrolls of teleportation
 k - 5 scrolls of magic mapping
 t - 4 scrolls of identify
 D - 9 scrolls of remove curse
 L - 2 scrolls of fear
 Y - 2 scrolls of silence
Potions
 b - 2 potions of cancellation
 j - 4 potions of brilliance
 o - a potion of invisibility {unknown}
 s - 4 potions of flight
 v - a potion of ambrosia {unknown}
 z - 4 potions of might
 B - 4 potions of curing
 G - 3 potions of heal wounds
 I - a potion of berserk rage {unknown}
 V - 2 potions of mutation {unknown}
 W - 3 potions of degeneration {unknown}
Comestibles
 c - 11 bread rations
 f - 17 meat rations
 n - 16 royal jellies
 u - a chunk of flesh
 Q - 3 fruits


   Skills:
 + Level 16.4 Fighting
 + Level 17.6 Maces & Flails
 + Level 16.9 Armour
 - Level 9.2 Dodging
 - Level 2.0 Stealth
 + Level 16.3 Shields
 * Level 1.4 Evocations


You had 15 spell levels left.
You didn't know any spells.

Dungeon Overview and Level Annotations

Branches:
Dungeon (15/15)            Temple (0/1) D:7            Lair (6/6) D:8
 Shoals (2/4) Lair:4        Snake (0/4) Lair:2        Slime (0/5) Lair:5
    Orc (2/2) D:12            Elf (0/3) Orc:2        Vaults (0/5) D:13
 Depths (0/5) D:15

Altars:
Cheibriados
Elyvilon
Fedhas
Hepliaklqana
Kikubaaqudgha
Makhleb
Nemelex Xobeh
Uskayaw
Zin

Shops:
D:14 [   Orc:2 %(*}

Portals:
Trove: D:12 (give +2 storm dragon scales)

Annotations:
D:2 2 transporters
Shoals:2 Aizul, Jorgrun


Innate Abilities, Weirdness & Mutations

You reflexively headbutt those who attack you in melee.
You have a pair of horns on your head.


Message History

Aizul hits you but does no damage. The water elemental hits you.
Jorgrun hits you with a quarterstaff of crushing.
The merfolk impaler hits you but does no damage.
The merfolk impaler hits you from afar with a trident of flaming.
The merfolk impaler burns you.
Aizul hisses menacingly.
Aizul hits you but does no damage. The water elemental hits you.
Jorgrun hits you but does no damage. Aizul hits you but does no damage.
The merfolk impaler hits you but does no damage.
Aizul hits you! The water elemental hits you.
The merfolk impaler hits you from afar with a trident of flaming!
The merfolk impaler burns you. Jorgrun hits you but does no damage.
The merfolk impaler hits you but does no damage.
Aizul hits you but does no damage. The water elemental hits you.
The merfolk impaler hits you but does no damage.
Aizul hits you but does no damage.
Jorgrun mumbles some strange words.
The dungeon rumbles around Jorgrun!
You shudder from the earth-shattering force.
You die...

#≈.≈≈≈....≈≈≈≈≈≈≈≈≈≈≈≈≈
#............≈≈≈≈≈≈≈≈≈≈ .
#........#...≈≈≈≈≈≈≈≈≈≈
..##..≈≈.......≈≈≈≈≈≈≈≈≈≈≈
......≈.....≈.≈≈...≈≈≈≈≈≈≈
.........##.≈≈≈..#.≈≈≈≈≈≈≈
≈≈.......#.≈≈......≈≈≈≈≈≈≈
≈≈≈....≈S.....≈≈≈≈≈≈≈≈≈≈≈≈
≈≈≈.##≈≈≈@.....≈≈≈≈≈≈≈≈≈≈≈
≈≈≈ #.≈≈Eg≈≈≈≈≈≈≈≈≈≈≈≈≈≈.
≈≈......m...≈≈≈≈≈≈≈≈≈≈≈≈.#
......###...≈≈≈≈≈≈≈≈≈≈.
≈......# ...≈≈≈ ≈≈≈≈≈≈.#
≈.....## .≈≈≈≈≈ ≈≈≈≈≈≈..
..≈≈.. ≈≈≈≈≈ ≈≈≈≈≈≈≈≈
..... .≈≈≈≈ ≈≈≈≈≈≈≈≈
≈≈≈≈≈≈≈≈


You could see Aizul, Jorgrun, a merfolk impaler and a water elemental.

Vanquished Creatures
  A kraken (Shoals:2)
  Agnes (D:14)
  A frost giant (D:15)
  A vampire knight (D:15)
  The ghost of Shinoi the Destroyer, a journeyman DECj of Vehumet (Lair:6)
  2 merfolk impalers
  An ettin (Orc:1)
  2 yaktaur captains (D:15)
  3 ogre magi (Orc:2)
  2 fire dragons
  Fannar (Lair:3)
  8 vault guards
  11 hydras
  15 two-headed ogres
  7 centaur warriors
  2 catoblepae
  A merfolk avatar (Shoals:2)
  A tengu warrior (D:13)
  2 death yaks (Lair:4)
  A satyr (Shoals:2)
  A deep elf knight (D:15)
  A deep troll earth mage (D:15)
  8 sea snakes
  An unseen horror (shapeshifter) (Lair:4)
  3 unseen horrors
  A lindwurm (Lair:6)
  6 harpies
  2 phantasmal warriors (D:15)
  5 cyclopes
  An orc sorcerer (Orc:2)
  A shining eye (shapeshifter) (D:15)
  An oklob plant (Lair:4)
  12 fauns
  20 ugly things
  A deep elf mage (D:14)
  4 manticores
  An eye of devastation (Lair:5)
  3 merfolk sirens
  9 black mambas
  6 spiny frogs
  2 molten gargoyles (Lair:6)
  2 water nymphs (Shoals:2)
  A torpor snail (Lair:5)
  A freezing wraith (D:15)
  4 rime drakes
  7 komodo dragons
  3 trolls
  2 tengu conjurers
  3 wind drakes
  2 polar bears
  A harpy zombie (D:15)
  2 meliai (D:15)
  9 merfolk
  The ghost of Valkeizer the Covered, an amateur MiFi (D:4)
  A queen bee (D:9)
  A polar bear (shapeshifter) (D:14)
  A meliai zombie (D:12)
  17 hippogriffs
  A wolf spider simulacrum (D:14)
  10 blink frogs
  A hornet (shapeshifter) (Lair:6)
  A hippogriff (shapeshifter) (Lair:5)
  A shadow (D:13)
  A centaur simulacrum (D:15)
  7 water elementals
  A spriggan (Lair:4)
  3 wraiths
  46 yaks
  10 wyverns
  5 vampire mosquitoes
  A tarantella (D:15)
  16 basilisks
  4 hungry ghosts
  4 steam dragons
  A warg (Orc:1)
  2 nagas (Lair:2)
  A soldier ant (D:11)
  9 porcupines
  8 water moccasins
  An acid dragon (D:8)
  A black bear (D:10)
  5 hell hounds
  6 sky beasts
  5 phantoms
  18 orc warriors
  4 eyes of draining
  9 ice beasts
  31 ogres
  15 wolves
  4 big kobolds
  16 centaurs
  6 crocodiles
  11 bullfrogs
  A wyvern zombie (D:14)
  A gnoll sergeant (D:9)
  A wyvern skeleton (D:14)
  A water moccasin zombie (D:12)
  7 scorpions
  2 water moccasin skeletons
  30 killer bees
  16 wights
  2 howler monkeys (D:8)
  9 crimson imps
  4 bullfrog zombies
  5 hounds
  5 lava snakes (Lair:6)
  A quasit (D:7)
  4 centaur zombies
  16 orc priests
  6 centaur skeletons
  4 jellies
  26 orc wizards
  5 bullfrog skeletons
  3 iguanas
  9 worker ants
  A killer bee zombie (D:9)
  A hound skeleton (D:5)
  8 gnolls
  10 adders
  4 shadow imps
  An ooze (D:3)
  2 adder zombies (D:9)
  2 adder skeletons
  A worm (D:3)
  2 dart slugs
  3 leopard geckos
  67 orcs
  3 ball pythons
  3 giant cockroaches
  12 goblins
  6 hobgoblins
  7 jackals
  48 kobolds
  5 quokkas
  5 bats
  2 frilled lizards (D:2)
  A leopard gecko skeleton (D:7)
  2 quokka skeletons
  A quokka zombie (D:7)
  6 rats
  A plant (Lair:4)
  6 tentacles (Shoals:2)
844 creatures vanquished.

Vanquished Creatures (collateral kills)
  A two-headed ogre (Orc:2)
  A death knight (D:15)
  An ogre mage (Orc:2)
  A skeletal warrior (D:15)
  A cyclops (D:15)
  A molten gargoyle (Lair:6)
  3 ogres
  2 centaurs (D:15)
11 creatures vanquished.

Vanquished Creatures (others)
  A merfolk aquamancer (Shoals:2)
  A basilisk (Lair:6)
  8 fungi
  11 plants
  32 tentacles (Shoals:2)
53 creatures vanquished.

Grand Total: 908 creatures vanquished

Notes
Turn   | Place    | Note
-------+----------+-------------------------------------------
     0 | D:1      | theElss the Minotaur Berserker began the quest for the Orb.
     0 | D:1      | Reached XP level 1. HP: 19/19 MP: 0/0
   644 | D:1      | Reached XP level 2. HP: 27/27 MP: 1/1
   835 | D:2      | Found a burning altar of Makhleb.
   873 | D:2      | Noticed a killer bee
   878 | D:2      | Reached skill level 4 in Maces & Flails
   896 | D:2      | Found a blossoming altar of Fedhas.
  1068 | D:2      | Found a snail-covered altar of Cheibriados.
  1141 | D:2      | Found a sparkling altar of Nemelex Xobeh.
  1248 | D:2      | Reached XP level 3. HP: 31/34 MP: 2/2
  1506 | D:3      | Reached ** piety under Trog
  1618 | D:3      | Reached XP level 4. HP: 29/41 MP: 3/3
  1620 | D:3      | Reached skill level 5 in Maces & Flails
  1639 | D:3      | Reached skill level 5 in Fighting
  1639 | D:3      | Reached XP level 5. HP: 10/48 MP: 4/4
  2174 | D:4      | Noticed a sky beast
  2196 | D:4      | Killed a sky beast
  2196 | D:4      | Reached skill level 6 in Maces & Flails
  2196 | D:4      | Reached XP level 6. HP: 44/56 MP: 5/5
  2429 | D:4      | Noticed Valkeizer's ghost (amateur MiFi)
  2447 | D:4      | Killed Valkeizer's ghost
  2447 | D:4      | Reached skill level 7 in Maces & Flails
  2447 | D:4      | Reached XP level 7. HP: 52/61 MP: 6/6
  2587 | D:4      | Reached *** piety under Trog
  3174 | D:4      | Reached skill level 8 in Maces & Flails
  3179 | D:4      | Reached **** piety under Trog
  3190 | D:4      | Reached skill level 5 in Armour
  3414 | D:4      | Reached XP level 8. HP: 69/71 MP: 7/7
  3757 | D:5      | Entered Level 5 of the Dungeon
  4072 | D:5      | Reached skill level 9 in Maces & Flails
  4410 | D:6      | Found a hide-covered altar of Uskayaw.
  4529 | D:6      | Reached skill level 10 in Maces & Flails
  4845 | D:6      | Reached XP level 9. HP: 79/80 MP: 8/8
  4855 | D:6      | Reached skill level 1 in Stealth
  4915 | D:6      | Reached ***** piety under Trog
  5010 | D:6      | Found a hazy altar of Hepliaklqana.
  5273 | D:6      | Reached skill level 11 in Maces & Flails
  5295 | D:7      | Found a staircase to the Ecumenical Temple.
  5405 | D:7      | Found a blossoming altar of Fedhas.
  5953 | D:7      | Found an ancient bone altar of Kikubaaqudgha.
  6034 | D:8      | Reached skill level 5 in Dodging
  6543 | D:8      | Found a white marble altar of Elyvilon.
  6647 | D:8      | Reached XP level 10. HP: 87/90 MP: 9/9
  6992 | D:8      | Reached skill level 12 in Maces & Flails
  7376 | D:8      | Found a staircase to the Lair.
  7656 | D:9      | Received a gift from Trog
  7984 | D:9      | Reached skill level 13 in Maces & Flails
  8032 | D:9      | You fall through a shaft for 3 floors!
  8386 | D:12     | Noticed a two-headed ogre
  8470 | D:11     | Reached skill level 10 in Armour
  8506 | D:11     | Noticed a two-headed ogre
  8517 | D:11     | Killed a two-headed ogre
  8517 | D:11     | Reached XP level 11. HP: 99/99 MP: 8/10
  8579 | D:10     | Entered Level 10 of the Dungeon
  8758 | D:9      | Reached skill level 10 in Fighting
  9592 | D:9      | Noticed a centaur warrior
  9605 | D:9      | Killed a centaur warrior
  9605 | D:9      | Reached skill level 14 in Maces & Flails
  9647 | D:9      | Noticed a two-headed ogre
  9663 | D:9      | Killed a two-headed ogre
  9883 | D:9      | Got a scorched lapis lazuli ring
  9906 | D:9      | Got a smelly chain mail
  9929 | D:9      | Identified the +1 chain mail of Sloth {rC+ SInv} (You found it on level 9 of the Dungeon)
  9996 | D:10     | Identified the ring of Yredelemnul's Hope {rCorr rC+} (You found it on level 9 of the Dungeon)
 10264 | D:10     | Noticed a two-headed ogre
 10275 | D:10     | Killed a two-headed ogre
 10773 | D:11     | Noticed a white ugly thing
 10787 | D:11     | Killed a white ugly thing
 10895 | D:11     | Received a gift from Trog
 11199 | D:11     | Noticed a deep elf knight
 11199 | D:11     | Noticed a deep elf knight
 11582 | D:12     | Noticed a red ugly thing
 11595 | D:12     | Killed a red ugly thing
 11815 | D:12     | Found a staircase to the Orcish Mines.
 11923 | D:12     | Killed a two-headed ogre
 11923 | D:12     | Reached skill level 15 in Maces & Flails
 11923 | D:12     | Reached XP level 12. HP: 110/110 MP: 11/11
 12488 | D:12     | Found a portal to a secret trove of treasure.
 12675 | Lair:1   | Entered Level 1 of the Lair of Beasts
 13608 | Lair:2   | Noticed an eight-headed hydra
 13615 | Lair:2   | Killed an eight-headed hydra
 13799 | Lair:2   | Found a staircase to the Snake Pit.
 13813 | Lair:2   | Received a gift from Trog
 13893 | Lair:2   | Noticed a six-headed hydra
 13899 | Lair:2   | Killed a six-headed hydra
 14192 | Lair:2   | Got a steaming halberd
 14312 | Lair:2   | Identified the +6 halberd of Courage {flame, rF+} (You found it on level 2 of the Lair of Beasts)
 14668 | Lair:3   | Noticed Fannar
 14679 | Lair:3   | Killed Fannar
 15246 | Lair:4   | Found a staircase to the Shoals.
 15355 | Lair:4   | Noticed a death yak
 15397 | Lair:4   | Killed a death yak
 15397 | Lair:4   | Reached XP level 13. HP: 121/122 MP: 12/12
 15680 | Lair:4   | Got a faintly glowing mace
 15681 | Lair:4   | Identified the +10 mace "Azohalan" {chaos, rElec rF+} (You found it on level 4 of the Lair of Beasts)
 16109 | Lair:4   | Reached skill level 16 in Maces & Flails
 16890 | Lair:5   | Received a gift from Trog
 16969 | Lair:5   | Found a glowing silver altar of Zin.
 17134 | Lair:5   | Found a staircase to the Slime Pits.
 17601 | Lair:6   | Entered Level 6 of the Lair of Beasts
 17668 | Lair:6   | Noticed Shinoi's ghost (journeyman DECj)
 17676 | Lair:6   | Killed Shinoi's ghost
 17923 | Lair:6   | Reached skill level 15 in Armour
 18501 | Lair:6   | Reached ****** piety under Trog
 18509 | Lair:6   | Reached XP level 14. HP: 85/133 MP: 11/13
 18913 | Lair:6   | Reached skill level 15 in Fighting
 18930 | Lair:6   | HP: 6/135 [poisoned by a black mamba]
 18936 | Lair:6   | HP: 4/135 [poisoned by a black mamba]
 18943 | Lair:6   | HP: 3/135 [poisoned by a black mamba]
 18950 | Lair:6   | HP: 4/135 [poisoned by a black mamba]
 18958 | Lair:6   | HP: 4/135 [poisoned by a black mamba]
 19462 | Lair:6   | Found a large runed door.
 19463 | Lair:6   | Found a large runed door.
 19913 | Orc:1    | Entered Level 1 of the Orcish Mines
 20093 | Orc:1    | Received a gift from Trog
 20444 | Orc:2    | Entered Level 2 of the Orcish Mines
 20649 | Orc:2    | Found a staircase to the Elven Halls.
 20770 | Orc:2    | Received a gift from Trog
 20785 | Orc:2    | Reached skill level 17 in Maces & Flails
 21112 | Orc:2    | Found Sonaugre's Food Emporium.
 21112 | Orc:2    | Found Dutei's General Store.
 21113 | Orc:2    | Found Muptud's Weapon Shop.
 21113 | Orc:2    | Found Qozin's Gadget Shoppe.
 21121 | Orc:2    | Bought a scroll of noise for 13 gold pieces
 21121 | Orc:2    | Bought a scroll of silence for 97 gold pieces
 22047 | D:13     | Reached skill level 1 in Shields
 22144 | D:13     | Reached XP level 15. HP: 128/144 MP: 12/14
 22609 | D:13     | Found a gate to the Vaults.
 22805 | D:13     | Received a gift from Trog
 22886 | D:13     | Reached skill level 5 in Shields
 23220 | D:14     | Noticed Agnes
 23229 | D:14     | Killed Agnes
 23679 | D:14     | Received a gift from Trog
 23712 | D:14     | Reached skill level 10 in Shields
 23730 | D:14     | Found Bimucig's Armour Shoppe.
 24752 | D:15     | Entered Level 15 of the Dungeon
 24767 | D:15     | Found a runed door.
 24936 | D:15     | Noticed a frost giant
 25266 | D:15     | Received a gift from Trog
 25834 | D:15     | Found a staircase to the Depths.
 26185 | D:15     | Killed a frost giant
 26199 | D:15     | Reached XP level 16. HP: 95/151 MP: 15/15
 26944 | Shoals:1 | Entered Level 1 of the Shoals
 27544 | Shoals:1 | Received a gift from Trog
 28029 | Shoals:1 | Reached skill level 15 in Shields
 28150 | Shoals:2 | Noticed a kraken
 29291 | Shoals:2 | Killed a kraken
 29291 | Shoals:2 | Reached skill level 1 in Evocations
 29743 | Shoals:2 | Noticed Jorgrun
 29747 | Shoals:2 | Noticed Aizul
 29764 | Shoals:2 | Killed from afar by Jorgrun

Skill      XL: |  1  2  3  4  5  6  7  8  9 10 11 12 13 14 15 16 |
---------------+-------------------------------------------------+-----
Fighting       | 4 5 6 7 8 9 11 13 14 16 | 16.4
Maces & Flails | 4 5 6 7 8 10 11 13 15 16 17 | 17.6
Armour         | 3 4 5 6 8 10 11 13 15 16 | 16.9
Dodging        | 3 4 5 6 7 8 9 |  9.2
Stealth        | 1 2 |  2.0
Shields        | 2 13 16 | 16.3
Evocations     | 1 |  1.4

Action                   |  1- 3 |  4- 6 |  7- 9 | 10-12 | 13-15 | 16-18 || total
-------------------------+-------+-------+-------+-------+-------+-------++-------
Melee: Mace              |    65 |    73 |    68 |   685 |  1198 |   359 ||  2448
       Headbutt          |    15 |     8 |    79 |   224 |   363 |   110 ||   799
       Flail             |       |       |   365 |    69 |       |       ||   434
       Dire flail        |       |       |       |   101 |    27 |       ||   128
Invok: Berserk           |     1 |     2 |     2 |     8 |     4 |       ||    17
       Trog's Hand       |       |       |       |     1 |     3 |     1 ||     5
       Brothers in Arms  |       |       |       |     1 |     3 |     1 ||     5
  Use: Scroll            |       |       |     5 |     9 |     8 |     1 ||    23
       Potion            |       |       |       |       |     1 |       ||     1
 Stab: Petrifying        |       |       |       |       |     7 |     4 ||    11
       Paralysed         |       |       |       |       |     6 |     4 ||    10
       Confused          |       |       |       |       |     5 |       ||     5
       Petrified         |       |       |       |       |     5 |       ||     5
  Eat: Chunk             |     2 |     5 |    17 |    36 |    46 |    19 ||   125
       Fruit             |       |       |       |       |     3 |       ||     3
Armor: Animal skin       |     6 |       |       |       |       |       ||     6
       Scale mail        |    32 |    33 |   164 |   122 |       |       ||   351
       Chain mail        |       |       |       |   205 |   712 |   146 ||  1063
Dodge: Dodged            |    39 |    26 |   224 |   415 |   781 |   141 ||  1626
Block: Shield            |       |       |       |       |   341 |   254 ||   595
